 Dungeon Crawl Stone Soup version 0.17-a0-2109-g117576f (webtiles) character file.

264 radek the Conjurer (level 5, 0/28 HPs)
             Began as a Deep Elf Conjurer on Oct 19, 2015.
             Succumbed to a worker ant's poison
             ... on level 4 of the Dungeon.
             The game lasted 00:12:18 (3278 turns).

radek the Conjurer (Deep Elf Conjurer)              Turns: 3278, Time: 00:12:18

Health: 0/28       AC:  3    Str:  6    XL:     5   Next: 98%
Magic:  1/11       EV: 15    Int: 20    God:
Gold:   184        SH:  0    Dex: 18    Spells: 2 memorised, 4 levels left

rFire  . . .     SeeInvis .     (no weapon)
rCold  . . .     Clarity  .     a - +0 robe
rNeg   . . .     SustAt   .     (no shield)
rPois  .         Gourm    .     (no helmet)
rElec  .         Spirit   .     (no cloak)
rCorr  .         Warding  .     (no gloves)
rMut   .         Stasis   .     y - +0 pair of boots
MR     .....                    (no amulet)
Stlth  ++........               r - +3 ring of dexterity
                                k - +2 ring of evasion

@: lethally poisoned (0 -> -8), invisible, not resistant to hostile
enchantments, unstealthy
A: no striking features
a: no special abilities


You were on level 4 of the Dungeon.
You were not hungry.

You visited 1 branch of the dungeon, and saw 4 of its levels.

You collected 184 gold pieces.

Inventory:

Missiles
 o - 3 tomahawks (quivered)
Armour
 a - a +0 robe (worn)
 u - a +0 helmet
 y - a +0 pair of boots (worn)
Jewellery
 k - a +2 ring of evasion (left hand)
 r - a +3 ring of dexterity (right hand)
 x - an uncursed amulet of faith {unknown}
 z - an uncursed ring of see invisible {unknown}
Scrolls
 d - 2 scrolls of fog {unknown}
 e - a scroll of noise {unknown}
 i - 2 scrolls of magic mapping {unknown}
 j - a scroll of enchant weapon {unknown}
 q - 2 scrolls of amnesia {unknown}
 s - a scroll of immolation {unknown}
 t - 2 scrolls of identify {unknown}
 A - a scroll of remove curse {unknown}
Potions
 f - 2 potions of curing {unknown}
 g - a potion of flight {unknown}
 n - a potion of beneficial mutation {unknown}
 p - a potion of cure mutation {unknown}
 v - a potion of invisibility
 w - a potion of heal wounds {unknown}
Books
 b - a book of Conjurations

   Spells                             Type                      Level
   a - Magic Dart                     Conjuration                  1
   b - Searing Ray                    Conjuration                  2
   c - Dazzling Spray                 Conjuration/Hexes            3
   d - Fulminant Prism                Conjuration/Hexes            4
   e - Iskenderun's Mystic Blast      Conjuration                  4
   f - Iskenderun's Battlesphere      Conjuration/Charms           5
Comestibles
 c - 3 bread rations
 h - 5 meat rations
 l - 7 fruits
 m - 3 beef jerkies


   Skills:
 - Level 2.4 Dodging
 - Level 2.4 Stealth
 - Level 3.0 Spellcasting
 - Level 7.5 Conjurations
 * Level 3.1 Charms


You had 4 spell levels left.
You knew the following spells:

 Your Spells              Type           Power        Failure   Level  Hunger
a - Magic Dart            Conj           ####         1%          1    None
b - Iskenderun's Battles  Conj/Chrm      ###.....     45%         5    ######.


Dungeon Overview and Level Annotations

Branches:
Dungeon (4/15)
 Temple: D:4-7

Altars:
Ashenzari
Elyvilon
Makhleb
Ru
Sif Muna
Xom
Yredelemnul


Message History

Aim: a worker ant (heavily wounded)
The magic dart hits the worker ant.
The worker ant is heavily wounded.
The worker ant barely misses you. The worker ant misses you.
Casting: Magic Dart
Confirm with . or Enter, or press ? or * to list all spells.
Aiming: Magic Dart
Press: ? - help, Shift-Dir - straight line, f/p - worker ant
Aim: a worker ant (heavily wounded)
The magic dart hits the worker ant.
The worker ant is almost dead.
The worker ant barely misses you. The worker ant bites you.
* * * LOW HITPOINT WARNING * * *
You are lethally poisoned!
The worker ant poisons you!
Drink which item? (? for menu, Esc to quit)
It was a potion of invisibility.
You fade into invisibility!
You die...

...#.... #.....## ..#..#
# #...... #.#..#.##.
##.....# ####.........
#......####.......#
#.##...........####
#.##..##.#####o#
#######.##..##.#####.# ##
#.......##..a@....##.#
...#.#####.....##.##.##.#
#######
#.#.#####.######.##.##.#
#...... #......##.#
#.......# #>###.#
###.##.##.## ####)####
#.###.# #........# #...#
#.##... ###.##.#.# #...#
#...... #$##.#.# #...#
##...... .....#.# #...#
#.......


You could see a worker ant.

Vanquished Creatures
  An ogre (D:4)
  An orc priest (D:4)
  A centaur skeleton (D:4)
  An orc wizard (D:4)
  3 adders
  2 oozes
  2 worms (D:3)
  A giant gecko (D:1)
  3 orcs
  2 ball pythons (D:1)
  6 bats
  2 giant cockroaches
  11 hobgoblins
  7 kobolds
  A quokka (D:2)
  5 giant newts
  9 goblins
  13 rats
71 creatures vanquished.

Notes
Turn   | Place    | Note
--------------------------------------------------------------
     0 | D:1      | radek the Deep Elf Conjurer began the quest for the Orb.
     0 | D:1      | Reached XP level 1. HP: 10/10 MP: 6/6
   155 | D:1      | Reached XP level 2. HP: 15/15 MP: 2/8
   245 | D:1      | Reached skill level 5 in Conjurations
   682 | D:1      | Reached XP level 3. HP: 17/19 MP: 6/9
  1165 | D:2      | Reached skill level 6 in Conjurations
  1425 | D:2      | Reached XP level 4. HP: 24/24 MP: 8/10
  1975 | D:3      | Found a basalt altar of Yredelemnul.
  1975 | D:3      | Found a shattered altar of Ashenzari.
  1976 | D:3      | Found a white marble altar of Elyvilon.
  2059 | D:3      | Found a burning altar of Makhleb.
  2070 | D:3      | Found a sacrificial altar of Ru.
  2070 | D:3      | Found a shimmering altar of Xom.
  2091 | D:3      | Found a faded altar to an unknown god.
  2243 | D:3      | Found a deep blue altar of Sif Muna.
  3092 | D:4      | Noticed an ogre
  3095 | D:4      | Killed an ogre
  3095 | D:4      | Reached skill level 7 in Conjurations
  3095 | D:4      | Reached XP level 5. HP: 26/28 MP: 6/11
  3102 | D:4      | Learned a level 5 spell: Iskenderun's Battlesphere
  3161 | D:4      | Reached skill level 1 in Charms
  3277 | D:4      | HP: 1/28 [worker ant (3)]
  3278 | D:4      | Succumbed to a worker ant's poison

Vault maps used:
D:1:      onia_arrival_handbag, serial_forest, infiniplex_forest_corner_2,
          infiniplex_forest_clump_double, infiniplex_forest_lined_room_2,
          infiniplex_forest_lined_room_2, infiniplex_forest_lined_2,
          infiniplex_forest_clump_cross, minmay_misc_feat_chi,
          grunt_decor_mini_mirrors
D:2:      first_bread, hangedman_decor_opposing
D:3:      grunt_temple_overflow_open, nicolae_overflow_quartered_altars,
          ecumenical_altar_2

Action                   |  1- 3 |  4- 6 || total
-------------------------+-------+-------++-------
 Cast: Magic Dart        |    74 |    87 ||   161
  Use: Potion            |       |     1 ||     1
  Eat: Chunk             |     1 |     3 ||     4
       Beef jerky        |       |     1 ||     1
       Pizza             |       |     1 ||     1
